 Dungeon Crawl Stone Soup version 0.30-a0-1018-g25214051b3 (webtiles) character file.

Game seed: 16161591227912790575

899 ytrimaz the Changer (level 8, -6/64 HPs)
             Began as a Naga Transmuter on Apr 8, 2023.
             Was an Initiate of Cheibriados.
             Mangled by Pikel
             ... wielding a +0 whip of electrocution
              (9 damage)
             ... on level 5 of the Dungeon.
             The game lasted 00:08:10 (4862 turns).

ytrimaz the Changer (Naga Transmuter)               Turns: 4862, Time: 00:08:11

Health: -6/64      AC:  2    Str: 14    XL:     8   Next: 7%
Magic:  12/15      EV: 19    Int: 16    God:    Cheibriados [......]
Gold:   234        SH:  0    Dex: 18    Spells: 7/17 levels left

rFire   . . .      SeeInvis +      - Unarmed
rCold   . . .      Faith    .    (shield currently unavailable)
rNeg    . . .      Spirit   .    a - melded +1 robe
rPois   x          Reflect  .    (helmet currently unavailable)
rElec   .          Rampage  .    f - melded scarf {rC+ rF+}
rCorr   .                        (gloves currently unavailable)
Will    +....                    (no barding)
Stlth   +++                      (no amulet)
HPRegen 0.30/turn                d - ring of wizardry
MPRegen 0.14/turn                (no ring)

@: spider-form, wereblooded, attractive, very slow
A: venomous fangs, AC +2, tiny, see invisible, (deformed body), (poison
resistance), (slowness 2), spit poison 1, (naga tail 1)
a: Spit Poison, End Transformation, Renounce Religion


You were on level 5 of the Dungeon.
You worshipped Cheibriados.
Cheibriados was noncommittal.
You were a venomous arachnid creature.
You visited 2 branches of the dungeon, and saw 6 of its levels.

You collected 234 gold pieces.


Innate Abilities, Weirdness & Mutations

You are a venomous arachnid creature.
You have venomous fangs.
You are tiny and dextrous.
Your spellcasting is less reliable in this form.
Your armour is entirely melded.
You are incapable of wielding weapons or throwing items.
((Your serpentine skin is tough. (AC +2)))
You have supernaturally acute eyesight. (SInv)
((Armour fits poorly on your strangely shaped body.))
((Your system is resistant to poisons. (rPois)))
((You cover ground very slowly.))
You can spit poison.
((You have a snake-like lower body.))


   Skills:
 - Level 1.3 Fighting
 - Level 1.7 Dodging
 + Level 4.9 Stealth
 + Level 4.6 Unarmed Combat
 - Level 5.0 Spellcasting
 - Level 5.0 Transmutations
 - Level 3.0 Poison Magic


You had 7 spell levels left.
You knew the following spells:

 Your Spells              Type           Power      Damage    Failure   Level
a - Beastly Appendage     Tmut           40%        N/A       3%          1
b - Wereblood             Tmut           20%        N/A       4%          2
c - Spider Form           Tmut/Pois      16%        N/A       9%          3
d - Ice Form              Ice/Tmut       12%        N/A       36%         4

Your spell library contained the following spells:

 Spells                   Type           Power      Damage    Failure   Level
 Magic Dart               Conj           16%        1d3       14%         1
 Searing Ray              Conj           8%         2d4       19%         2
 Fulminant Prism          Conj/Hex       2%         3d5       65%         4

Inventory:

Armour
 a - a +1 robe (melded)
 f - a scarf of resistance (melded)
   (You found it on level 1 of the Dungeon)
Jewellery
 d - a ring of wizardry (left front pincers)
   (You found it on level 3 of the Dungeon)
Wands
 g - a wand of polymorph (2)
   (You found it on level 4 of the Dungeon)
Scrolls
 c - a scroll of teleportation
 e - 3 scrolls of fog
 h - a scroll of fear
 l - 2 scrolls of poison
Potions
 b - a potion of cancellation
 j - a potion of brilliance

Dungeon Overview and Level Annotations

Branches:
Dungeon (5/15) Zot: 36397  Temple (1/1) D:4 Zot: 8865

Altars:
Cheibriados
Dithmenos
Elyvilon
Fedhas
Gozag
Hepliaklqana
Kikubaaqudgha
Makhleb
Okawaru
Qazlal
Ru
Sif Muna
Trog
Uskayaw
Vehumet
Wu Jian
Xom
Yredelemnul
Zin
The Shining One

Annotations:
D:5 Pikel

### #.# .[#
#.# #.# #.# #
#.# #.# #. #.#
#.# ##.###.#
#.#
###......###.#
......5......#
#...w5sK..###
#....55...#
#.ยง.......#
#.........#
...........#
##.........#
#.........#
#.........#


You could see Pikel (extremely poisoned), 4 lemures and a worm.


Message History

๐Ÿ˜• HP[-4]
You take 4 damage, and now have 64/68 hp.
Unknown command.
You hit Edmund. You freeze Edmund.
Pikel, Merchant of Souls comes into view.
He is wielding a +0 whip of electrocution.
Edmund hits you with a +1 flail of protection! ๐Ÿ˜• HP[-9]
You take 9 damage, and now have 55/68 hp.
Pikel shouts!
You hit Edmund. You freeze Edmund.
You hear a shout!
You hit Edmund but do no damage.
Edmund barely misses you. ๐Ÿ˜• HP[+1] MP[+1] Unknown command.
You hit Edmund. You freeze Edmund. Edmund hits you but does no damage.
You punch Edmund! You freeze Edmund. Edmund barely misses you.
You hit Edmund. You freeze Edmund.
Edmund hits you with a +1 flail of protection! ๐Ÿ˜ฎ HP[-9]
You take 9 damage, and now have 47/68 hp.
Casting: Ice Form (dangerous; 21% risk of failure)
Confirm with . or Enter, or press ? or * to list all spells.
Your blood is infused with primal strength.
Edmund hits you with a +1 flail of protection!
A lemure comes into view. x2 ๐Ÿ˜ฎ HP[-7] MP[-2]
You take 7 damage, and now have 40/68 hp.
You lost 2 mp, and now have 9/14 mp.
Unknown command.
The lemure shouts!
You hit Edmund. You freeze Edmund. Edmund barely misses you.
A lemure comes into view.
You hit Edmund. You freeze Edmund.
You feel a bit better.
You kill Edmund!
Cheibriados appreciates the change of pace.
You have reached level 8!
You feel agile. ๐Ÿ˜ฎ HP[+6]
You now have 76 max hp (+8).
You regained 6 hp, and now have 46/76 hp.
A lemure comes into view.
The lemure shouts!
Pikel misses you.
Things that are here:
a +1 flail of protection; a +0 leather armour ๐Ÿ˜ฎ HP[+1] Unknown command.
You punch Pikel! You freeze Pikel.
Pikel hits you with a +0 whip of electrocution! ๐Ÿ˜ฎ HP[-8] MP[+1]
You take 8 damage, and now have 39/76 hp.
You hit Pikel. You freeze Pikel.
Pikel hits you with a +0 whip of electrocution!
* * * LOW HITPOINT WARNING * * *
You are electrocuted!!
* * * LOW HITPOINT WARNING * * *
๐Ÿ˜ฑ HP[-26]
You take 26 damage, and now have 13/76 hp.
MASSIVE DAMAGE!! (PAUSE) It was a potion of attraction.
You feel attractive to monsters. Pikel hits you but does no damage.
The lemure hits you.
* * * LOW HITPOINT WARNING * * *
The lemure hits you.
* * * LOW HITPOINT WARNING * * *
A worm comes into view.
The lemure is attracted toward you.
The worm is attracted toward you. ๐Ÿ˜ฑ HP[-3]
You take 3 damage, and now have 10/76 hp.
Unknown command.
Unknown command.
It was a potion of magic.
Magic courses through your body. Pikel hits you but does no damage.
The lemure hits you but does no damage.
The worm is attracted toward you. ๐Ÿ˜ฑ HP[+1] MP[+5]
Your mp is fully restored (15).
Casting: Wereblood (safe; 1% risk of failure)
Confirm with . or Enter, or press ? or * to list all spells.
You warm up again.
Your scarf of resistance unmelds from your body.
Your +1 robe unmelds from your body.
You feel resistant to extremes of temperature.
You turn into a venomous arachnid creature.
Your scarf of resistance melds into your body.
Your +1 robe melds into your body.
You feel hot and cold all over. Pikel closely misses you.
The lemure completely misses you. The lemure closely misses you.
The lemure completely misses you. ๐Ÿ˜ฑ HP[-2] MP[-3]
You now have 64 max hp (-12).
You lost 3 mp, and now have 12/15 mp.
Unknown command.
You bite Pikel!
Pikel looks as sick as possible!
The lemure barely misses you. The lemure closely misses you.
The lemure barely misses you. The lemure closely misses you.
Pikel misses you. ๐Ÿ˜ฑ HP[+1] Unknown command.
You hit Pikel but do no damage.
Pikel looks as sick as possible!
Pikel hits you with a +0 whip of electrocution!
* * * LOW HITPOINT WARNING * * *
You are electrocuted!
You die...

Skill      XL: |  1  2  3  4  5  6  7 |
---------------+----------------------+-----
Transmutations | 3 4 5 |  5.0
Spellcasting   | 3 4 5 |  5.0
Poison Magic   | 2 3 |  3.0
Stealth        | 4 |  4.9
Unarmed Combat | 4 |  4.6
Fighting       | |  1.3
Dodging        | |  1.7

Action                     |  1- 3 |  4- 6 |  7- 9 || total
---------------------------+-------+-------+-------++-------
  Melee: Unarmed           |    80 |   132 |   161 ||   373
         Headbutt          |     8 |    10 |    12 ||    30
         Punch             |     1 |     2 |     2 ||     5
   Cast: Beastly Appendage |    13 |     9 |     9 ||    31
         Wereblood         |     2 |       |     3 ||     5
         Spider Form       |       |     5 |     3 ||     8
         Ice Form          |       |       |     4 ||     4
Ability: Spit Poison       |    18 |    20 |     6 ||    44
    Use: Scroll            |     7 |     2 |     5 ||    14
         Potion            |       |     3 |     4 ||     7
 Armour: Robe              |    25 |    41 |    57 ||   123
         Skin              |       |     5 |    53 ||    58
  Dodge: Dodged            |    49 |    74 |   128 ||   251

Levels and vault maps discovered:
D:1:      nicolae_arrival_somewhat_less_tricky_arrival, layout_loops_ring,
          minmay_close_crescents
D:2:      layout_basic, minmay_pentomino_pile, uniq_natasha
D:3:      layout_loops_corners, uniq_grinder, uniq_sigmund
D:4:      layout_cave_pools, nicolae_uskayaw_suspiria,
          minmay_temple_entry_proselytizer, serial_bayou_ford_a,
          grunt_ministairs_7, kennysheep_orc_chapel
D:5:      layout_loops_ring, nicolae_ossuary_entry_false_entrances, uniq_edmund,
          uniq_menkaure, uniq_prince_ribbit1, uniq_pikel
Temple:   hellmonk_temple_of_storms

Notes
Turn   | Place    | Note
-------+----------+-------------------------------------------
     0 | D:1      | ytrimaz the Naga Transmuter began the quest for the Orb.
     0 | D:1      | Reached XP level 1. HP: 18/18 MP: 3/3
     0 | D:1      | magus.rc [v1.9.6]
   189 | D:1      | Reached XP level 2. HP: 19/25 MP: 3/5
   446 | D:1      | Learned a level 2 spell: Wereblood
   876 | D:2      | You fall into a shaft and drop 1 floor!
   929 | D:2      | Reached XP level 3. HP: 31/31 MP: 6/6
  1239 | D:2      | Noticed Natasha
  1246 | D:2      | Killed Natasha
  1247 | D:2      | Reached skill level 3 in Transmutations
  1247 | D:2      | Reached XP level 4. HP: 23/38 MP: 3/8
  1292 | D:2      | Reached skill level 3 in Spellcasting
  1295 | D:2      | HP: 9/38 [poisoned by an adder]
  1750 | D:2      | Noticed Natasha
  1756 | D:2      | Killed Natasha
  1757 | D:2      | Reached XP level 5. HP: 35/44 MP: 7/10
  2005 | D:2      | Learned a level 3 spell: Spider Form
  2140 | D:3      | Noticed Grinder
  2172 | D:3      | HP: 16/66 [Grinder (4)]
  2173 | D:3      | Killed Grinder
  2174 | D:3      | Reached skill level 4 in Spellcasting
  2174 | D:3      | Reached skill level 4 in Transmutations
  2174 | D:3      | Reached XP level 6. HP: 19/51 MP: 7/12
  2556 | D:3      | You pick up a book of Conjurations and begin reading...
  2556 | D:3      | You add the spells Magic Dart, Searing Ray and Fulminant
                  | Prism to your library.
  2788 | D:3      | Noticed Sigmund
  2812 | D:3      | Killed Sigmund
  2813 | D:3      | Reached skill level 5 in Transmutations
  2813 | D:3      | Reached skill level 2 in Poison Magic
  2813 | D:3      | Reached XP level 7. HP: 27/57 MP: 12/14
  3459 | D:3      | Learned a level 4 spell: Ice Form
  3508 | D:4      | Reached skill level 5 in Spellcasting
  3749 | D:4      | HP: 13/57 [centaur (2)]
  3749 | D:4      | HP: 6/57 [adder (3)]
  3755 | D:4      | HP: 10/85 [centaur (1)]
  3757 | D:4      | Reached skill level 3 in Poison Magic
  3757 | D:4      | Reached skill level 2 in Stealth
  3761 | D:4      | HP: 8/85 [hound (1)]
  3958 | D:4      | Found a hide-covered altar of Uskayaw.
  4173 | D:4      | Reached skill level 3 in Stealth
  4183 | D:4      | HP: 16/68 [kobold/+0 short sword (4)]
  4185 | D:4      | Reached skill level 4 in Unarmed Combat
  4188 | D:4      | HP: 15/68 [poisoned by a kobold]
  4432 | D:4      | Found a staircase to the Ecumenical Temple.
  4449 | Temple   | Entered the Ecumenical Temple
  4512 | Temple   | Became a worshipper of Cheibriados the Contemplative
  4614 | D:4      | Reached skill level 4 in Stealth
  4785 | D:5      | Entered Level 5 of the Dungeon
  4841 | D:5      | Noticed Edmund
  4846 | D:5      | Noticed Pikel
  4854 | D:5      | Killed Edmund
  4855 | D:5      | Reached XP level 8. HP: 46/64 MP: 9/15
  4857 | D:5      | HP: 13/76 [Pikel/+0 whip of electrocution (18)]
  4862 | D:5      | HP: 3/64 [Pikel/+0 whip of electrocution (7)]
  4862 | D:5      | Mangled by Pikel

Vanquished Creatures
  Grinder (D:3)
  Sigmund (D:3)
  Edmund (D:5)
  A centaur (D:4)
  2 orc priests (D:4)
  2 hounds (D:4)
  Natasha (twice) (D:2)
  An orc wizard (D:4)
  6 adders
  An ufetubus (D:4)
  3 worms
  A dart slug (D:1)
  4 orcs (D:4)
  10 ball pythons
  8 endoplasms
  4 giant cockroaches
  5 goblins
  7 hobgoblins
  7 jackals
  2 quokkas
  6 bats
  7 frilled lizards
  11 kobolds
  8 rats
101 creatures vanquished.

Vanquished Creatures (others)
  2 plants (D:4)
2 creatures vanquished.

Grand Total: 103 creatures vanquished

Table legend:
 A = Non-vault XP
 B = Vault XP
 C = Vault XP percentage of total XP
 D = Non-vault monster count
 E = Vault monster count
 F = Vault count percentage of total count
                 A         B        C        D         E       F
            +---------+---------+-------+---------+---------+-------
      Total |     443 |     842 |  65.5 |      79 |      22 |  21.8
            +---------+---------+-------+---------+---------+-------
        D:1 |      31 |       2 |   6.1 |      20 |       1 |   4.8
        D:2 |     113 |      43 |  27.6 |      30 |       7 |  18.9
        D:3 |      32 |     503 |  94.0 |      12 |       2 |  14.3
        D:4 |     267 |     136 |  33.7 |      17 |      11 |  39.3
        D:5 |       0 |     158 | 100.0 |       0 |       1 | 100.0
            +---------+---------+-------+---------+---------+-------

Illustrated notes

Table legend:
 A = Kills in this place as a percentage of kills in the entire game.
 B = Kills by you in this place as a percentage of kills by you in the entire game.
 C = Kills by friends in this place as a percentage of kills by friends in the entire game.
 D = Other kills in this place as a percentage of other kills in the entire game.
 E = Experience gained in this place as a percentage of experience gained in the entire game.
 F = Experience gained in this place divided by the number of levels of this place that you have seen.
                   A       B       C       D       E      F
               +-------+-------+-------+-------+-------+----------------------
         Total | 100.0 | 100.0 |   N/A |   N/A | 100.0 | 214.2
       Dungeon | 100.0 | 100.0 |   N/A |   N/A | 100.0 | 257.0
               +-------+-------+-------+-------+-------+----------------------

Table legend: (Time is in decaauts)
 A = Elapsed time spent in this place.
 B = Non-inter-level travel time spent in this place.
 C = Inter-level travel time spent in this place.
 D = Time resting spent in this place.
 E = Time spent auto-exploring this place.
 F = Levels seen in this place.
 G = Mean time per level.
                   A        B        C        D        E       F      G
               +--------+--------+--------+--------+--------+-----+--------+
         Total |   6015 |   5688 |    327 |    265 |   4340 |   6 | 1002.5 |
       Dungeon |   5919 |   5624 |    295 |    265 |   4299 |   5 | 1183.8 |
        Temple |     96 |     64 |     32 |      0 |     41 |   1 |   96.0 |
               +--------+--------+--------+--------+--------+-----+--------+

Top non-repeatable levels by time:
     D:3: 1790 daAuts
     D:4: 1472 daAuts
     D:2: 1409 daAuts
     D:1: 1126 daAuts
     D:5: 120 daAuts
  Temple: 96 daAuts
